 Seeded DCSS version 0.30.1-3-gfc49f6343a (webtiles) character file.

Game seed: 6351066067085065685 (custom seed)

187041 Esekla the Sorcerer (level 17, -21/104 HPs)
             Began as a Deep Elf Necromancer on July 15, 2023.
             Was the Champion of Vehumet.
             Demolished by Mara (illusionary)
             ... wielding a +2 demon blade of electrocution
              (30 damage)
             ... on level 4 of the Spider Nest on July 26, 2023.
             The game lasted 04:43:40 (28992 turns).

Esekla the Sorcerer (Deep Elf Necromancer)         Turns: 28992, Time: 04:43:41

Health: -21/104    AC: 15    Str:  8    XL:     17   Next: 44%
Magic:  45/45      EV: 14    Int: 40    God:    Vehumet [******]
Gold:   1990       SH:  8    Dex: 15    Spells: 1/60 levels left

rFire   + . .        a - +5 scimitar (venom)
rCold   + . .        w - +3 warlock's mirror {omnireflect}
rNeg    . . .        X - +1 ring mail "Uronn" {rF+ Regen+ Int+3}
rPois   +            W - +2 helmet {Int+3}
rElec   .            L - +1 cloak
rCorr   .            k - +0 pair of gloves
SInv    .            n - +1 pair of boots of Piysunuo {Str+3}
Will    +....        y - amulet of magic regeneration
Stlth   ++           V - ring of Descent {rPois rC+ Int+5 Stlth-}
HPRegen 1.17/turn    Y - ring of the Mage {Wiz Archmagi}
MPRegen 0.69/turn

%: reflection, wizardry (x1), archmagi
@: wereblooded, spiked, studying Fighting
A: no striking features
}: 1/15 runes: barnacled
a: Renounce Religion


You were on level 4 of the Spider Nest.
You worshipped Vehumet.
Vehumet was exalted by your worship.
You visited 5 branches of the dungeon, and saw 27 of its levels.
You also visited: Trove and Bailey.

You collected 3788 gold pieces.
You spent 1798 gold pieces at shops.

Inventory:

Hand Weapons
 a - a +5 scimitar of venom (weapon)
 f - a +4 scimitar of flaming
 r - a +4 trident of venom
 s - the +5 rapier of the Hero {heavy, rN+ Dex+3}
   (You found it on level 3 of the Dungeon)

   Dex:       It affects your dexterity (+3).
   rN:        It protects you from negative energy.
 v - a +2 rapier of venom
Missiles
 c - 7 curare-tipped darts
 K - 57 poisoned darts
 O - 21 boomerangs (quivered)
Armour
 k - a +0 pair of gloves (worn)
 n - the +1 pair of boots of Piysunuo (worn) {Str+3}
   (You found it on level 1 of the Spider Nest)

   Str:       It affects your strength (+3).
 w - the +3 warlock's mirror (worn) {omnireflect}
   (You acquired it on level 1 of the Spider Nest)

   Omnireflect: It can block and reflect piercing ranged attacks and magical
   attacks against the wielder's willpower.
 L - a +1 cloak (worn)
 M - the +1 animal skin "Kougi" {rPois rF++ MP+9}
   (You found it on level 2 of the Shoals)

   rF:        It greatly protects you from fire.
   rPois:     It protects you from poison.
   MP:        It affects your magic capacity (+9).
 W - a +2 helmet of intelligence (worn)
 X - the +1 ring mail "Uronn" (worn) {rF+ Regen+ Int+3}
   (You found it on level 4 of the Shoals)

   Int:       It affects your intelligence (+3).
   rF:        It protects you from fire.
   Regen:     It increases your rate of health regeneration.
Jewellery
 p - the ring "Jetots" {Wiz rF++ rC+ Will+}
   (You acquired it on level 1 of the Spider Nest)

   [ring of wizardry]

   It improves your spell success rate.
   rF:        It greatly protects you from fire.
   rC:        It protects you from cold.
   Will:      It increases your willpower.
 y - an amulet of magic regeneration (around neck)
 P - a +4 ring of protection
 R - the ring "Pileq" {Ice Str+4 Dex+3 Slay+2}
   (You found it on level 4 of the Shoals)

   [ring of ice]

   It enhances your ice magic.
   Str:       It affects your strength (+4).
   Dex:       It affects your dexterity (+3).
   Slay:      It affects your accuracy & damage with ranged weapons and melee
   (+2).
   rF:        It makes you vulnerable to fire.
   rC:        It protects you from cold.
 S - the ring of Akemeir {Fire Str+4}
   (You found it in a treasure trove)

   [ring of fire]

   It enhances your fire magic.
   Str:       It affects your strength (+4).
   rF:        It protects you from fire.
   rC:        It makes you vulnerable to cold.
 V - the ring of Descent (left hand) {rPois rC+ Int+5 Stlth-}
   (You found it in a treasure trove)

   [ring of protection from cold]

   Int:       It affects your intelligence (+5).
   rC:        It protects you from cold.
   rPois:     It protects you from poison.
   Stlth:     It makes you less stealthy.
 Y - the ring of the Mage (right hand) {Wiz Archmagi}
   (You bought it in a shop on level 2 of the Dungeon)

   [ring of wizardry]

   It improves your spell success rate.
   Archmagi:  It increases the power of your magical spells.
Wands
 u - a wand of roots (27)
 A - a wand of flame (25)
 C - a wand of mindburst (5)
 H - a wand of digging (16)
 Z - a wand of quicksilver (3)
Scrolls
 e - 5 scrolls of fear
 g - 5 scrolls of enchant weapon
 m - 3 scrolls of enchant armour
 o - a scroll of silence
 t - 5 scrolls of fog
 x - a scroll of magic mapping
 D - 3 scrolls of poison
 E - 9 scrolls of teleportation
 F - 3 scrolls of amnesia
 N - 3 scrolls of blinking
 Q - 2 scrolls of identify
Potions
 b - 4 potions of magic
 d - 5 potions of heal wounds
 h - 6 potions of mutation
 i - 4 potions of might
 j - 3 potions of curing
 l - 8 potions of attraction
 q - 6 potions of brilliance
 z - 4 potions of lignification
 B - 2 potions of ambrosia
 G - a potion of berserk rage
 I - 3 potions of flight
 J - 9 potions of haste
 T - 3 potions of resistance
 U - a potion of cancellation


   Skills:
 * Level 11.1 Fighting
 + Level 3.3(4.6) Short Blades
 + Level 4.5(5.0) Long Blades
 + Level 2.0 Throwing
 + Level 4.5 Armour
 * Level 12.8 Dodging
 + Level 6.3 Stealth
 + Level 3.6 Shields
 * Level 22.1 Spellcasting
 * Level 10.6 Conjurations
 + Level 12.6 Necromancy
 + Level 7.3 Translocations
 + Level 6.2 Transmutations
 + Level 6.5 Fire Magic
 + Level 4.3 Ice Magic
 * Level 8.1 Air Magic
 + Level 7.0 Earth Magic
 - Level 6.4 Poison Magic
 + Level 1.0 Evocations


You had one spell level left.
You knew the following spells:

 Your Spells              Type           Power      Damage    Failure   Level
c - Mephitic Cloud        Conj/Pois/Air  100%       N/A       1%          3
d - Vampiric Draining     Necr           100%       2d13      1%          3
f - Fireball              Conj/Fire      53%        3d21      1%          5
i - Irradiate             Conj/Tmut      53%        3d29      1%          5
k - Airstrike             Air            52%        2d(8-24)  1%          4
m - Maxwell's Capacitive  Air            52%        ∞         41%         8
n - Ignite Poison         Fire/Tmut/Pois 97%        N/A       1%          3
o - Orb of Destruction    Conj           57%        9d14      3%          7
p - Apportation           Tloc           100%       N/A       1%          1
t - Teleport Other        Tloc           100%       N/A       1%          3
v - Poisonous Vapours     Pois/Air       100%       N/A       1%          2
w - Wereblood             Tmut           96%        N/A       1%          2
x - Olgreb's Toxic Radia  Pois           97%        N/A       1%          4
y - Sticky Flame          Conj/Fire      100%       2d11      1%          4
z - Freezing Cloud        Conj/Ice/Air   51%        6-21      1%          5

Your spell library contained the following spells:

 Spells                   Type           Power      Damage    Failure   Level
 Necrotise                Necr           100%       1d9       0%          1
 Foxfire                  Conj/Fire      100%       2x1d9     1%          1
 Shock                    Conj/Air       100%       1d9       1%          1
 Sting                    Tmut/Pois      100%       1d8       1%          1
 Summon Small Mammal      Summ           100%       N/A       1%          1
 Sublimation of Blood     Necr           100%       N/A       0%          2
 Lesser Beckoning         Tloc           100%       N/A       1%          2
 Gell's Gravitas          Tloc           100%       N/A       1%          3
 Hailstorm                Conj/Ice       100%       3d20      1%          3
 Portal Projectile        Hex/Tloc       100%       N/A       1%          3
 Spider Form              Tmut/Pois      97%        N/A       1%          3
 Swiftness                Air            100%       N/A       1%          3
 Vhi's Electric Charge    Tloc/Air       100%       N/A       1%          3
 Anguish                  Hex/Necr       48%        N/A       1%          4
 Animate Dead             Necr           100%       N/A       1%          4
 Manifold Assault         Tloc           100%       N/A       1%          4
 Passage of Golubria      Tloc           100%       N/A       1%          4
 Petrify                  Tmut/Erth      98%        N/A       1%          4
 Agony                    Necr           100%       N/A       1%          5
 Arcjolt                  Conj/Air       54%        1d64      1%          5
 Plasma Beam              Fire/Air       50%        2x1d71    1%          6
 Starburst                Conj/Fire      53%        6d14      1%          6
 Summon Ice Beast         Ice/Summ       75%        N/A       3%          4
 Silence                  Hex/Air        43%        N/A       4%          5
 Dispersal                Tloc           50%        N/A       6%          6
 Cause Fear               Hex            30%        N/A       9%          4
 Summon Mana Viper        Hex/Summ       61%        N/A       24%         5
 Lehudib's Crystal Spear  Conj/Erth      53%        10d13     34%         8
 Ignition                 Fire           49%        3d14      63%         8
 Disjunction              Tloc           50%        N/A       93%         8
 Summon Hydra             Summ           30%        N/A       99%         7


Dungeon Overview and Level Annotations

Branches:
Dungeon (12/15)            Temple (0/1) D:6            Lair (5/5) D:11
 Shoals (4/4) Lair:2       Spider (4/4) Lair:3        Slime (0/5) Lair:5
    Orc (2/2) D:10            Elf (0/3) Orc:2        Bailey (visited)

Altars:
Dithmenos
Fedhas
Hepliaklqana
Nemelex Xobeh
Okawaru
Qazlal
Ru
Trog
Uskayaw
Vehumet
Zin
The Shining One
Jiyva

Shops:
D:2 =   D:4 (   D:11 *   Orc:2 **[:   Shoals:2 (   Shoals:3 !

Portals:
Pandemonium: Orc:2

Annotations:
D:11 earth elemental
Spider:4 Mara


Message History

You are poisoned.
You feel better.
Mara is engulfed in freezing vapours.
Mara hits you with a +2 demon blade of electrocution.
You are electrocuted!!
The steelbarb worm is engulfed in freezing vapours.
The steelbarb worm hits you!
* * * LOW HITPOINT WARNING * * *
Barbed spikes become lodged in your body.
Esekla's illusion is engulfed in freezing vapours.
You block Esekla's illusion's attack.
You feel much better.
The steelbarb worm is engulfed in freezing vapours.
The steelbarb worm hits you!
Barbed spikes become lodged in your body.
Mara is engulfed in freezing vapours.
You block Mara's attack.
Mara hits you with a +2 demon blade of electrocution!
* * * LOW HITPOINT WARNING * * *
Esekla's illusion is engulfed in freezing vapours.
Esekla's illusion hits you!
* * * LOW HITPOINT WARNING * * *
You are lethally poisoned!
You feel better.
The steelbarb worm is engulfed in freezing vapours.
You feel a bit better.
You kill the steelbarb worm!
Vehumet accepts your kill.
You feel your power returning. Mara hits you but does no damage.
Mara is engulfed in freezing vapours.
Mara blinks!
Mara is engulfed in freezing vapours.
Mara says, "Entranced by some poetic flight, are you?"
Mara hits you with a +2 demon blade of electrocution!!
* * * LOW HITPOINT WARNING * * *
Esekla's illusion is engulfed in freezing vapours.
You block Esekla's illusion's attack.
You feel your intelligence returning.
You feel much better.
Mara is engulfed in freezing vapours.
Mara hits you with a +2 demon blade of electrocution!
* * * LOW HITPOINT WARNING * * *
Mara hits you with a +2 demon blade of electrocution!!
You die...

... .#.##. ..
.#...^ ..##.#..#
.§...§.
####.§§§.
#..#.§○# .#.
...#..?R§§#.....
.....R§@R..#
######.§@☼.#
?^.§.§§.#
......§§§^#
...#.......#
#...###...†#
#... .###.. .. .
...


You could see 3 Maras and Esekla's illusion.

Vanquished Creatures
  Rupert (Lair:4)
  3 sphinxes (Shoals:4)
  A kraken (Shoals:4)
  Ilsuiw (Shoals:3)
  2 emperor scorpions (Spider:3)
  A ghost moth (Spider:3)
  2 orc warlords
  A broodmother (Spider:3)
  Azrael (Orc:2)
  A minotaur (Shoals:4)
  2 spark wasps
  5 entropy weavers
  4 merfolk impalers
  4 fire dragons
  3 merfolk javelineers
  Harold (D:9)
  3 boulder beetles
  A demonspawn (Orc:2)
  4 merfolk aquamancers
  3 hydras
  2 radroaches (Spider:3)
  16 satyrs
  A catoblepas (Lair:5)
  3 jorogumos
  An alligator snapping turtle (Shoals:3)
  4 merfolk avatars
  3 two-headed ogres
  2 orc high priests (Orc:2)
  A pharaoh ant (Spider:1)
  A sun moth (Spider:1)
  Lodul (D:11)
  12 sea snakes
  4 skysharks
  6 orb spiders
  Pikel (D:6)
  A swamp dragon (Lair:5)
  2 lindwurms (Lair:5)
  3 steelbarb worms
  29 harpies
  An oklob plant (Lair:5)
  An ugly thing (D:12)
  5 wolf spiders
  8 orc knights
  7 cyclopes
  9 orc sorcerers (Orc:2)
  9 elephants (Lair:5)
  2 moths of wrath (Spider:1)
  Joseph (D:7)
  22 manticores
  24 fauns
  6 merfolk sirens
  2 black mambas
  7 water nymphs
  7 torpor snails
  A smoke demon (Orc:2)
  A gargoyle (D:11)
  3 demonic crawlers
  11 cane toads
  Psyche (D:11)
  3 rime drakes
  15 komodo dragons
  A kobold demonologist (D:9)
  A red devil (Orc:2)
  3 tyrant leeches (Lair:5)
  28 merfolk
  A polar bear (D:11)
  7 trolls
  6 tarantellas
  9 hornets
  3 wind drakes
  5 blink frogs (Lair:1)
  8 jumping spiders
  4 centaur simulacra (D:11)
  8 snapping turtles
  33 yaks
  4 water elementals
  4 culicivoras
  A wraith (D:12)
  12 spriggans (Lair:3)
  5 basilisks
  A chaos spawn (Orc:2)
  3 fire elementals (Orc:2)
  3 steam dragons
  5 wyverns
  19 redbacks
  Menkaure (D:7)
  3 wargs
  2 acid dragons (Lair:5)
  6 ice beasts
  4 hell hounds (Orc:2)
  14 water moccasins
  2 swamp drakes (Lair:5)
  A sky beast (D:5)
  43 orc warriors
  2 black bears
  18 ogres
  2 centaurs
  3 boggarts (Lair:3)
  12 wolves
  A phantom (D:7)
  A lemure (D:6)
  Blork the orc (D:6)
  4 kobold brigands
  4 gnoll sergeants
  10 bullfrogs
  3 scorpions
  10 wights
  21 killer bees
  2 howler monkeys (D:10)
  An electric eel (D:11)
  2 quasits
  3 gnoll boudas
  6 hounds
  A jelly (D:6)
  Crazy Yiuf (D:7)
  32 orc priests
  7 iguanas
  A sleepcap (D:5)
  12 hell rats
  14 orc wizards
  33 gnolls
  9 adders
  3 shadow imps (D:8)
  9 white imps
  4 ufetubi
  A worm (D:4)
  3 dart slugs
  94 orcs
  6 ball pythons
  4 endoplasms
  9 goblins
  7 hobgoblins
  A quokka (D:1)
  3 training dummies (Shoals:2)
  4 bats
  4 frilled lizards
  21 kobolds
  A rat (D:2)
923 creatures vanquished.

Vanquished Creatures (others)
  An orc high priest (Orc:2)
  8 tentacles
9 creatures vanquished.

Grand Total: 932 creatures vanquished

Notes
Turn   | Place    | Note
-------+----------+-------------------------------------------
     0 | D:1      | Esekla the Deep Elf Necromancer began the quest for the
                  | Orb.
     0 | D:1      | Reached XP level 1. HP: 10/10 MP: 6/6
   258 | D:4      | Found Ponaysk's Antique Weapon Boutique.
   326 | D:4      | Found an iron altar of Okawaru.
   379 | D:4      | Found a glowing silver altar of Zin.
   397 | D:4      | Found a radiant altar of Vehumet.
   445 | D:4      | Reached skill level 5 in Necromancy
   514 | D:3      | Reached XP level 2. HP: 15/15 MP: 8/8
   650 | D:3      | Identified the +5 rapier of the Hero {heavy, rN+ Dex+3}
   736 | D:4      | Became a worshipper of Vehumet
   753 | D:5      | Entered Level 5 of the Dungeon
   756 | D:5      | Reached XP level 3. HP: 19/19 MP: 10/10
   760 | D:5      | Learned a level 3 spell: Vampiric Draining
  1001 | D:2      | You fall into a shaft and drop 1 floor!
  1424 | D:3      | Found a stormy altar of Qazlal.
  1426 | D:3      | Found a bloodstained altar of Trog.
  1442 | D:3      | Reached XP level 4. HP: 23/24 MP: 11/11
  1453 | D:3      | Found a hazy altar of Hepliaklqana.
  1991 | D:1      | Reached * piety under Vehumet
  1991 | D:1      | Offered knowledge of Foxfire by Vehumet.
  2012 | D:1      | Learned a level 3 spell: Teleport Other
  2110 | D:1      | Reached skill level 1 in Short Blades
  2205 | D:2      | Noticed a black bear
  2213 | D:2      | Reached skill level 4 in Spellcasting
  2213 | D:2      | Reached XP level 5. HP: 20/28 MP: 11/13
  2245 | D:2      | Found a faded altar of an unknown god.
  2340 | D:2      | Found Renulab's Jewellery Shop.
  2590 | D:2      | Killed a black bear
  2591 | D:2      | Reached skill level 1 in Translocations
  2591 | D:2      | Reached XP level 6. HP: 30/32 MP: 9/15
  2803 | D:4      | Found a glowing golden altar of the Shining One.
  3186 | D:4      | Reached skill level 5 in Spellcasting
  3258 | D:4      | Offered knowledge of Freeze by Vehumet.
  3262 | D:4      | Reached ** piety under Vehumet
  3543 | D:5      | Got the Parchment of the Lumpy Olives
  3560 | D:5      | Found a shadowy altar of Dithmenos.
  3625 | D:5      | Reached XP level 7. HP: 36/36 MP: 15/17
  4203 | D:5      | Reached skill level 5 in Stealth
  4465 | D:5      | Reached skill level 6 in Spellcasting
  4601 | D:6      | Found a staircase to the Ecumenical Temple.
  4624 | D:6      | Noticed Pikel
  4632 | D:6      | Killed Pikel
  4633 | D:6      | Reached skill level 5 in Dodging
  4633 | D:6      | Reached skill level 7 in Spellcasting
  4633 | D:6      | Reached XP level 8. HP: 5/41 MP: 8/21
  4822 | D:6      | Noticed Blork the orc
  4993 | D:7      | Reached skill level 8 in Spellcasting
  4994 | D:7      | Noticed Menkaure
  5346 | D:6      | Killed Blork the orc
  5460 | D:6      | Found a blossoming altar of Fedhas.
  5491 | D:6      | Reached XP level 9. HP: 45/45 MP: 20/23
  5655 | D:7      | Killed Menkaure
  5656 | D:7      | Reached skill level 9 in Spellcasting
  5699 | D:7      | Offered knowledge of Ignite Poison by Vehumet.
  5735 | D:6      | Learned a level 3 spell: Ignite Poison
  6074 | D:7      | Reached skill level 10 in Necromancy
  6075 | D:7      | Noticed Joseph
  6192 | D:7      | Killed Joseph
  6360 | D:7      | Found a runed translucent door.
  6361 | D:7      | Noticed Crazy Yiuf
  6582 | D:7      | Reached skill level 1 in Throwing
  6582 | D:7      | Reached skill level 1 in Shields
  6582 | D:7      | Reached skill level 5 in Translocations
  6582 | D:7      | Reached skill level 1 in Evocations
  6616 | D:7      | Killed Crazy Yiuf
  6672 | D:8      | Noticed a two-headed ogre
  6741 | D:8      | Reached *** piety under Vehumet
  6979 | D:7      | Reached skill level 1 in Long Blades
  7023 | D:7      | Reached skill level 1 in Poison Magic
  7042 | D:8      | Found a hide-covered altar of Uskayaw.
  7161 | D:8      | Offered knowledge of Mephitic Cloud by Vehumet.
  7173 | D:7      | Learned a level 3 spell: Mephitic Cloud
  7306 | D:8      | Reached skill level 10 in Spellcasting
  7368 | D:7      | Reached skill level 1 in Fire Magic
  7623 | D:8      | Killed a two-headed ogre
  7624 | D:8      | Reached skill level 1 in Transmutations
  7624 | D:8      | Reached XP level 10. HP: 50/50 MP: 21/26
  7636 | D:8      | Found a transporter.
  7638 | D:8      | Found a transporter.
  7641 | D:8      | Found a transporter.
  7704 | D:8      | Found a transporter.
  8207 | D:9      | Found a flagged portal.
  8211 | D:9      | Reached **** piety under Vehumet
  8217 | D:9      | Offered knowledge of Fireball by Vehumet.
  8224 | D:9      | Learned a level 5 spell: Fireball
  8227 | Bailey   | Entered a bailey
  8557 | Bailey   | Identified the +2 bardiche of Puhoisos {heavy, rElec
                  | Stlth+}
  8560 | Bailey   | Noticed an orc knight
  8560 | Bailey   | Noticed an orc knight
  8572 | Bailey   | Killed an orc knight
  8573 | Bailey   | Reached skill level 1 in Conjurations
  8582 | Bailey   | Killed an orc knight
  8583 | Bailey   | Reached skill level 1 in Air Magic
  8804 | D:9      | Noticed a cyclops
  8812 | D:9      | Reached skill level 11 in Spellcasting
  8812 | D:9      | Killed a cyclops
  8893 | D:9      | Found a sparkling altar of Nemelex Xobeh.
  8913 | D:9      | Reached skill level 1 in Fighting
  8937 | D:9      | Noticed a two-headed ogre
  9025 | D:9      | Noticed a cyclops
  9048 | D:9      | Killed a cyclops
  9049 | D:9      | Reached XP level 11. HP: 34/55 MP: 19/28
  9094 | D:9      | Reached ***** piety under Vehumet
  9311 | D:9      | Noticed Harold
  9330 | D:9      | Killed Harold
  9504 | D:7      | Offered knowledge of Orb of Destruction by Vehumet.
  9513 | D:7      | Learned a level 7 spell: Orb of Destruction
  9582 | D:9      | Killed a two-headed ogre
  9668 | D:10     | Entered Level 10 of the Dungeon
  9810 | D:10     | Found a sacrificial altar of Ru.
  9881 | D:10     | Found a staircase to the Orcish Mines.
  9897 | Orc:1    | Entered Level 1 of the Orcish Mines
  9898 | Orc:1    | Noticed an orc knight
 10505 | D:2      | Bought the ring of the Mage {Wiz Archmagi} for 714 gold
                  | pieces
 10505 | D:2      | Found the ring of the Mage {Wiz Archmagi}
 10913 | D:10     | Reached skill level 12 in Spellcasting
 11062 | Orc:1    | Killed an orc knight
 11527 | D:11     | Noticed Lodul
 12067 | D:10     | Reached skill level 13 in Spellcasting
 12067 | D:10     | Reached XP level 12. HP: 60/64 MP: 31/31
 12228 | D:11     | Found Fagafuf's Pet Rocks.
 12367 | D:11     | Found a staircase to the Lair.
 12423 | D:11     | Reached skill level 1 in Armour
 12497 | D:11     | Offered knowledge of Airstrike by Vehumet.
 12501 | D:11     | Noticed Psyche
 12509 | D:11     | Killed Lodul
 12511 | D:11     | Killed Psyche
 12514 | D:11     | Noticed a two-headed ogre
 12753 | D:11     | Killed a two-headed ogre
 12793 | D:11     | Got Simple Magic
 12859 | D:11     | Learned a level 4 spell: Airstrike
 12901 | D:11     | Reached skill level 5 in Conjurations
 12982 | Lair:1   | Entered Level 1 of the Lair of Beasts
 14008 | Lair:2   | Reached skill level 14 in Spellcasting
 14066 | Lair:2   | Reached skill level 5 in Fighting
 14179 | Lair:2   | Found a transporter.
 14179 | Lair:2   | Found a transporter.
 14180 | Lair:2   | Noticed a boulder beetle
 14180 | Lair:2   | Noticed a boulder beetle
 14360 | Lair:2   | Found a staircase to the Shoals.
 14924 | Lair:2   | Killed a boulder beetle
 14931 | Lair:2   | Killed a boulder beetle
 14932 | Lair:2   | Reached XP level 13. HP: 56/74 MP: 30/33
 15116 | D:12     | Learned a level 2 spell: Wereblood
 15252 | D:12     | Found a portal to a secret trove of treasure.
 15301 | D:12     | Learned a level 2 spell: Poisonous Vapours
 15987 | Lair:3   | Found a hole to the Spider Nest.
 16082 | Lair:3   | Identified the +3 leather armour of Okawaru's Inspiration
                  | {Str+4}
 16351 | Lair:3   | Reached skill level 5 in Air Magic
 16366 | Lair:3   | Offered knowledge of Iron Shot by Vehumet.
 16367 | Lair:3   | Reached skill level 1 in Ice Magic
 16458 | Lair:3   | Learned a level 5 spell: Freezing Cloud
 16502 | Lair:3   | Reached skill level 15 in Spellcasting
 17307 | Lair:4   | Noticed Rupert
 17316 | Lair:4   | Killed Rupert
 17343 | Lair:4   | Learned a level 4 spell: Sticky Flame
 17920 | Trove    | Entered a treasure trove
 17929 | Trove    | Identified the ring of Akemeir {Fire Str+4}
 17938 | Trove    | Identified the ring of Descent {rPois rC+ Int+5 Stlth-}
 17946 | Trove    | Identified the +3 ring mail "Poady" {+Inv rF+ Dex+2 Slay-4}
 18103 | Lair:5   | Entered Level 5 of the Lair of Beasts
 18116 | Lair:5   | Reached skill level 5 in Poison Magic
 18455 | Lair:5   | Reached XP level 14. HP: 82/82 MP: 32/35
 18499 | Lair:5   | Reached skill level 16 in Spellcasting
 18905 | Lair:5   | Found a viscous altar of Jiyva.
 18905 | Lair:5   | Found a staircase to the Slime Pits.
 18974 | Lair:5   | Found a runed translucent door.
 19885 | Lair:5   | Reached skill level 10 in Dodging
 19950 | Lair:5   | Got Utragud's Papyrus of the Inquisitive Olives
 20707 | Orc:2    | Entered Level 2 of the Orcish Mines
 21064 | Orc:1    | Noticed an orc warlord
 21090 | Orc:1    | Killed an orc warlord
 21110 | Orc:1    | Reached skill level 17 in Spellcasting
 21554 | Orc:2    | Noticed an orc warlord
 21588 | Orc:2    | Killed an orc warlord
 21651 | Orc:2    | Found a staircase to the Elven Halls.
 21755 | Orc:2    | Found Bamnuus's General Store.
 21798 | Orc:2    | Found Roezostra's General Store.
 21876 | Orc:2    | Bought a scroll of identify for 34 gold pieces
 21995 | Orc:2    | Reached skill level 5 in Fire Magic
 22000 | Orc:2    | Reached skill level 1 in Earth Magic
 22039 | Orc:2    | Noticed Azrael
 22045 | Orc:2    | Killed Azrael
 22149 | Orc:2    | Found Jyohez's Book Shop.
 22149 | Orc:2    | Found a one-way gate leading to the halls of Pandemonium.
 22149 | Orc:2    | Found Huzal's Antique Armour Boutique.
 22153 | Orc:2    | Reached XP level 15. HP: 89/89 MP: 35/38
 22161 | Orc:2    | Bought a runed helmet for 270 gold pieces
 22183 | Orc:2    | Bought a Young Poisoner's Handbook for 300 gold pieces
 22183 | Orc:2    | Bought a book of Cantrips for 180 gold pieces
 22188 | Orc:2    | Learned a level 4 spell: Olgreb's Toxic Radiance
 22190 | Orc:2    | Learned a level 1 spell: Apportation
 22387 | Spider:1 | Entered Level 1 of the Spider Nest
 22395 | Spider:1 | Reached skill level 18 in Spellcasting
 22597 | Spider:1 | Identified the +1 pair of boots of Piysunuo {Str+3}
 23052 | Spider:1 | Acquired a book of Alchemy
 23054 | Spider:1 | Acquired the ring "Jetots" {Wiz rF++ rC+ Will+}
 23059 | Spider:1 | Acquired the +3 warlock's mirror {omnireflect}
 23059 | Spider:1 | Found the +3 warlock's mirror {omnireflect}
 23168 | Shoals:1 | Entered Level 1 of the Shoals
 23572 | Shoals:1 | Reached skill level 19 in Spellcasting
 23936 | Shoals:2 | Found Biskeott's Firing Range.
 24027 | Shoals:2 | Offered knowledge of Iskenderun's Battlesphere by Vehumet.
 24186 | Shoals:1 | Learned a level 5 spell: Irradiate
 24256 | Shoals:2 | Reached XP level 16. HP: 25/96 MP: 12/41
 24584 | Shoals:2 | You fall into a shaft and drop 1 floor!
 24584 | Shoals:3 | Noticed Ilsuiw
 24879 | Shoals:2 | Reached skill level 20 in Spellcasting
 24897 | Shoals:2 | Identified the +1 animal skin "Kougi" {rPois rF++ MP+9}
 24943 | Shoals:3 | Found Zemonaik's Distillery.
 24970 | Shoals:3 | Bought a potion of heal wounds for 75 gold pieces
 24970 | Shoals:3 | Bought a potion of heal wounds for 75 gold pieces
 24970 | Shoals:3 | Bought 2 potions of heal wounds for 150 gold pieces
 25033 | Shoals:3 | Reached skill level 5 in Transmutations
 25139 | Shoals:3 | Killed Ilsuiw
 25140 | Shoals:3 | Reached skill level 5 in Earth Magic
 25310 | Shoals:3 | Noticed a kraken
 25540 | Shoals:3 | Reached skill level 10 in Fighting
 25848 | Shoals:4 | Entered Level 4 of the Shoals
 26298 | Shoals:4 | Reached skill level 21 in Spellcasting
 26301 | Shoals:4 | Noticed a sphinx
 26307 | Shoals:4 | Killed a sphinx
 26411 | Shoals:4 | Identified the +1 ring mail "Uronn" {rF+ Regen+ Int+3}
 26418 | Shoals:4 | Noticed a kraken
 26428 | Shoals:4 | Killed a kraken
 26428 | Shoals:4 | Noticed a sphinx
 26433 | Shoals:4 | Killed a sphinx
 26436 | Shoals:4 | Reached skill level 10 in Conjurations
 26581 | Shoals:4 | Got Cuuv Rytt's Atlas of Hot Beguiling
 26584 | Shoals:4 | Got a barnacled rune of Zot
 26639 | Shoals:4 | Reached ****** piety under Vehumet
 26640 | Shoals:4 | Reached XP level 17. HP: 95/103 MP: 44/44
 26929 | Shoals:4 | Identified the ring "Pileq" {Ice Str+4 Dex+3 Slay+2}
 28069 | Spider:3 | Reached skill level 22 in Spellcasting
 28541 | Spider:3 | Offered knowledge of Arcjolt by Vehumet.
 28616 | Spider:3 | Learned a level 8 spell: Maxwell's Capacitive Coupling
 28937 | Spider:3 | Upgraded the game from 0.30.1-1-g62c8e00024 to
                  | 0.30.1-3-gfc49f6343a
 28977 | Spider:4 | Entered Level 4 of the Spider Nest
 28977 | Spider:4 | Noticed Mara
 28986 | Spider:4 | Noticed Esekla's illusion
 28991 | Spider:4 | HP: 3/104 [Mara (illusionary)/+2 demon blade of
                  | electrocution (19)]
 28992 | Spider:4 | Demolished by Mara (illusionary)

Illustrated notes

Levels and vault maps discovered:
D:1:      sevenhm_arrival_forest_fort_small_3, layout_rooms,
          chequers_serial_rivers_room_b, minmay_misc_feat_five
D:2:      layout_loops_ring, dreamdust_ecumenical_altar_angels_and_demons,
          serial_shops, shop
D:3:      layout_basic, grunt_temple_overflow_open, minmay_misc_feat_iff
D:4:      layout_basic, nicolae_overflow_quartered_altars, serial_shops,
          nicolae_diamond_shop
D:5:      layout_loops_ring, lemuel_doored_altar, minmay_misc_feat_rows,
          dreamdust_wishing_well
D:6:      layout_loops_cross, fedhas_altar_fruit_tree,
          minmay_temple_entry_glass, uniq_pikel, uniq_blork_the_orc
D:7:      layout_basic, uniq_menkaure, uniq_joseph, uniq_crazy_yiuf_cottage
D:8:      layout_basic, nicolae_uskayaw_dance_hall, serial_demonic,
          serial_demonic_d, serial_demonic_a, serial_demonic_c,
          serial_demonic_c, nicolae_diode_quadrants
D:9:      layout_irregular_city, kennysheep_little_box, enter_bailey_4,
          minmay_between, uniq_harold
D:10:     layout_basic, nicolae_ru_awakened_eye
D:11:     layout_rooms, hellmonk_lair_entry_icy, serial_ice, serial_ice_j,
          serial_ice_m, serial_ice_o, serial_ice_c, serial_ice_g, serial_ice_f,
          guppyfry_shop_earth, uniq_psyche, uniq_lodul
D:12:     layout_roguey, nicolae_trove_entry_crossroad
Lair:1:   layout_small_grid
Lair:2:   gammafunk_boulding_lane, layout_small_grid, elwin_shoals_entry_rooms
Lair:3:   kb_forest_paths, layout_chaotic_city, spider_nest_entry_rubble
Lair:4:   layout_hall_layers, grunt_megastairs_3, lemuel_fruit_fields,
          uniq_rupert
Lair:5:   guppyfry_lair_end_dragon, layout_misc_corridors, wormcave,
          dpeg_slime_entry_enclosed
Shoals:1: layout_shoals, nicolae_shoals_nautilus_by_nature
Shoals:2: argonaut_golden_fleece, layout_shoals, nicolae_shop_firing_range
Shoals:3: layout_shoals, serial_shops, shop, nicolae_shoals_lost_giant_hut,
          uniq_ilsuiw
Shoals:4: shoals_end_hellmonk_lost_city, serial_shops
Spider:1: layout_spider_delve, nicolae_spider_some_kinda_spiderbox
Spider:2: layout_spider_delve, nicolae_spider_twisty_arc_passages
Spider:3: layout_chambers, nicolae_orb_stairs
Spider:4: grunt_spider_rune_circles, guppyfry_hornet_nest, uniq_mara
Orc:1:    layout_caves
Orc:2:    pf_orc_diabolical, layout_diamond_mine, uniq_azrael

Skill      XL: |  1  2  3  4  5  6  7  8  9 10 11 12 13 14 15 16 17 |
---------------+----------------------------------------------------+-----
Necromancy     | 5 6 8 9 10 11 12 | 12.6
Dodging        | 3 4 5 6 7 8 9 10 11 12 | 12.8
Stealth        | 3 4 5 6 |  6.3
Short Blades   | 1 2 3 |  3.3
Spellcasting   | 4 5 7 8 10 11 13 14 15 17 19 21 22 | 22.1
Translocations | 1 2 3 4 5 6 7 |  7.3
Throwing       | 1 2 |  2.0
Shields        | 1 2 3 |  3.6
Evocations     | 1 |  1.0
Long Blades    | 1 2 3 4 |  4.5
Poison Magic   | 1 3 4 5 6 |  6.4
Fire Magic     | 1 2 3 4 5 6 |  6.5
Transmutations | 1 2 3 4 5 6 |  6.2
Conjurations   | 1 4 5 7 9 10 | 10.6
Air Magic      | 1 3 4 5 7 8 |  8.1
Fighting       | 1 3 5 7 8 9 10 11 | 11.1
Armour         | 2 3 4 |  4.5
Ice Magic      | 3 4 |  4.3
Earth Magic    | 1 4 6 7 |  7.0

Action                     |  1- 3 |  4- 6 |  7- 9 | 10-12 | 13-15 | 16-18 || total
---------------------------+-------+-------+-------+-------+-------+-------++-------
  Melee: Short sword       |    17 |       |       |       |       |       ||    17
         Unarmed           |     9 |       |       |       |       |       ||     9
         Dagger            |     7 |       |       |       |       |       ||     7
         Rapier            |    14 |    68 |   149 |    40 |    22 |     1 ||   294
         Scimitar          |       |       |     7 |   267 |   217 |    35 ||   526
         Punch             |       |       |       |     1 |       |       ||     1
  Throw: Dart              |       |     8 |    15 |    94 |       |       ||   117
         Throwing net      |       |       |       |     1 |       |       ||     1
         Boomerang         |       |       |       |     3 |     3 |       ||     6
   Cast: Vampiric Draining |     4 |    19 |    75 |   147 |    72 |    23 ||   340
         Teleport Other    |       |       |    13 |    13 |       |       ||    26
         Mephitic Cloud    |       |       |     5 |    82 |    14 |     1 ||   102
         Ignite Poison     |       |       |     3 |    64 |   164 |   116 ||   347
         Fireball          |       |       |       |    12 |     3 |     3 ||    18
         Airstrike         |       |       |       |     1 |    14 |     2 ||    17
         Poisonous Vapours |       |       |       |       |   239 |   159 ||   398
         Freezing Cloud    |       |       |       |       |    37 |    15 ||    52
         Wereblood         |       |       |       |       |    26 |    11 ||    37
         Sticky Flame      |       |       |       |       |    35 |    13 ||    48
         Orb of Destructio |       |       |       |       |     3 |     4 ||     7
         Olgreb's Toxic Ra |       |       |       |       |    12 |    21 ||    33
         Apportation       |       |       |       |       |     6 |    26 ||    32
         Irradiate         |       |       |       |       |     1 |    12 ||    13
  Evoke: Wand              |       |       |    17 |       |     7 |       ||    24
    Use: Potion            |     1 |       |       |     2 |     5 |    10 ||    18
         Scroll            |       |       |     9 |     8 |    17 |     3 ||    37
   Stab: Sleeping          |     8 |     9 |    11 |     5 |     6 |     1 ||    40
         Distracted        |       |     1 |       |     1 |       |       ||     2
         Confused          |       |       |       |     9 |     4 |       ||    13
 Armour: Robe              |     9 |     7 |    45 |       |       |       ||    61
         Steam dragon scal |       |       |     8 |    86 |       |       ||    94
         Troll leather arm |       |       |       |    24 |   150 |    15 ||   189
         Ring mail         |       |       |       |       |       |    69 ||    69
  Dodge: Dodged            |    30 |    50 |   209 |   367 |   336 |   117 ||  1109
  Block: Buckler           |       |       |       |    99 |   163 |   101 ||   363
         Reflection        |       |       |       |       |    16 |    11 ||    27
